 Dungeon Crawl Stone Soup version 0.31-a0-523-g071a6c1ffa (webtiles) character file.

Game seed: 8740481891429378176

4610 jasper the Mimic (level 10, 0/49 HPs)
             Began as a Spriggan Shapeshifter on Aug 11, 2023.
             Was a Follower of Ignis.
             Succumbed to Sonja's poison
             ... on level 10 of the Dungeon.
             The game lasted 00:14:26 (9102 turns).

jasper the Mimic (Spriggan Shapeshifter)            Turns: 9102, Time: 00:14:26

Health: 0/49       AC: 11    Str: 11    XL:     10   Next: 19%
Magic:  11/11      EV: 22    Int: 10    God:    Ignis [*.....]
Gold:   238        SH:  0    Dex: 20    Spells: 9/9 levels left

rFire   + .          .
                       - Unarmed
rCold   + . .        (shield currently unavailable)
rNeg    . . .        z - +2 robe {Will+}
rPois   .            (helmet restricted)
rElec   .            (no cloak)
rCorr   .            (gloves unavailable)
SInv    +            (boots unavailable)
Will    ++...        (no amulet)
Stlth   ++           l - ring of flight
HPRegen 0.28/turn    E - ring of protection from cold
MPRegen 0.12/turn

%: no passive effects
@: mighty, lethally poisoned (0 -> -4), flux-form, on berserk cooldown,
fiery-armoured, flying, slowed, glowing, quick
A: glow, contaminating, very small, no large weapons, unfitting armour, see
invisible, speed 3
a: Begin Untransformation, Renounce Religion, Fiery Armour, Foxfire Swarm,
Rising Flame


You were on level 10 of the Dungeon.
You worshipped Ignis.
Ignis was aware of your devotion.
You were something dangerously unstable.
You visited 1 branch of the dungeon, and saw 10 of its levels.

You collected 513 gold pieces.
You spent 275 gold pieces at shops.

Inventory:

Hand Weapons
 e - a +3 dagger
 g - a +1 dagger of draining
 n - a +0 spear
 s - a +1 dagger of venom
Missiles
 h - 91 stones
 m - 28 poisoned darts
 q - 3 boomerangs (quivered)
 v - a throwing net
Armour
 a - a +0 animal skin
 z - a +2 robe of willpower (worn)
 B - a +0 troll leather armour
Jewellery
 l - a ring of flight (left hand)
 p - a ring of ice
 t - a ring of ice
 E - a ring of protection from cold (right hand)
Talismans
 c - a beast talisman
 d - a flux talisman (active)
Scrolls
 j - 2 scrolls of revelation
 o - a scroll of identify
 r - a scroll of amnesia
 u - 3 scrolls of poison
 w - a scroll of enchant weapon
 y - a scroll of vulnerability
 A - a scroll of teleportation
 D - a scroll of immolation
Potions
 f - 2 potions of enlightenment
 x - a potion of haste


   Skills:
 + Level 3.9 Fighting
 + Level 6.7 Dodging
 + Level 7.2 Stealth
 * Level 5.0 Unarmed Combat
 - Level 13.0 Shapeshifting


You had 9 spell levels left.
You didn't know any spells.
Your spell library contained the following spells:

 Spells                   Type           Power      Damage    Failure   Level
 Kiss of Death            Conj/Necr      0%         2d5       36%         1
 Summon Small Mammal      Summ           0%         N/A       36%         1
 Call Canine Familiar     Summ           0%         N/A       75%         3
 Confusing Touch          Hex            0%         N/A       75%         3
 Stone Arrow              Conj/Erth      0%         3d7       75%         3
 Summon Guardian Golem    Hex/Summ       0%         N/A       75%         3
 Animate Armour           Summ/Erth      0%         N/A       98%         4
 Dispel Undead            Necr           0%         3d6       98%         4
 Lehudib's Crystal Spear  Conj/Erth      0%         10d2      100%        8


Dungeon Overview and Level Annotations

Branches:
Dungeon (10/15)            Temple (0/1) D:6
   Lair: D:8-11         Orc: D:9-12

Altars:
Ashenzari
Dithmenos
Elyvilon
Fedhas
Gozag
Kikubaaqudgha
Okawaru
Wu Jian
Zin
Ignis

Shops:
D:7 =

Annotations:
D:7 Jeremiah
D:8 Grum
D:9 1 transporter
D:10 1 transporter, Sonja


Innate Abilities, Weirdness & Mutations

You are something dangerously unstable.
You glow with magical radiation, making you easy to see and hit.
Foes you strike become dangerously contaminated with magical radiation.
You are incapable of wielding weapons or throwing items.
You are very small and have problems with some larger weapons.
You are too small for most types of armour.
You have supernaturally acute eyesight. (SInv)
You cover ground extremely quickly. (Speed+++)


Message History

Sonja is burned by your cloak of flames.
Sonja is heavily wounded.
Sonja completely misses you. x2; Sonja closely misses you.
Sonja misses you. Sonja closely misses you.
You take 5 damage, and have 14/49 hp.
Okay, then.
Your cloak of flame flares fiercely!
* * * LOW HITPOINT WARNING * * *
You feel extremely sick.
Sonja mumbles some strange words.
Sonja blinks!
Sonja says, "If only old Madame Brzewit could see me now!"
You take 6 damage, and have 8/49 hp.
* * * LOW HITPOINT WARNING * * *
You feel very sick.
You take 3 damage, and have 5/49 hp.
* * * LOW HITPOINT WARNING * * *
You feel sick.
You take 2 damage, and have 3/49 hp.
A red film seems to cover your vision as you go berserk!
You feel yourself moving faster!
You feel mighty!
* * * LOW HITPOINT WARNING * * *
You feel very sick.
Sonja casts a spell.
Sonja blinks!
The wight closely misses you.
You now have 3/73 hp.
You feel a strong urge to attack something.
* * * LOW HITPOINT WARNING * * *
You feel sick.
You take 1 damage, and have 2/73 hp.
* * * LOW HITPOINT WARNING * * *
You feel sick.
Sonja casts a spell.
Sonja blinks!
You take 1 damage, and have 1/73 hp.
You feel your anger nearly subside.
You are no longer berserk.
You are exhausted.
You feel as though you will be slow longer.
You die...

.©..##..#
#....##K#
#.55#.#######
#..##z....... ...#
#©..###### ..
##zz# © #..#
#..######### .#
##B..........
.=#............
.#............
...#.#.......... .
.###.#..........
####...#..........
..................
.>................
..........########


You could see Sonja and 3 wights.

Vanquished Creatures
  Pikel (D:4)
  2 kobold demonologists (D:9)
  2 trolls
  Sigmund (D:6)
  A wraith (D:9)
  A steam dragon (D:6)
  Edmund (D:4)
  Menkaure (D:6)
  A water moccasin (D:6)
  An orc warrior (D:7)
  A sky beast (D:7)
  A black bear (D:4)
  An ice beast (D:7)
  2 ogres
  3 wolves (D:9)
  A centaur (D:6)
  2 lemures (D:4)
  A phantom (D:6)
  3 kobold brigands
  A scorpion (D:7)
  A necrophage (D:6)
  2 water moccasin zombies (D:6)
  3 wights (D:6)
  2 howler monkeys
  A centaur zombie (D:6)
  An orc priest (D:4)
  3 hounds
  A human zombie (D:6)
  Jessica (D:2)
  2 iguanas (D:6)
  Ijyb (D:4)
  6 orc wizards
  4 mummies (D:6)
  8 gnolls
  11 adders
  3 shadow imps
  2 white imps
  An ufetubus (D:4)
  2 worms (D:4)
  4 dart slugs
  17 orcs
  7 ball pythons
  9 endoplasms
  2 giant cockroaches
  9 goblins
  13 hobgoblins
  3 jackals (D:3)
  8 quokkas
  7 bats
  2 frilled lizards (D:2)
  15 kobolds
  5 rats
184 creatures vanquished.

Notes
Turn   | Place    | Note
-------+----------+-------------------------------------------
     0 | D:1      | jasper the Spriggan Shapeshifter began the quest for the
                  | Orb.
     0 | D:1      | Reached XP level 1. HP: 9/9 MP: 2/2
   155 | D:1      | Reached XP level 2. HP: 14/14 MP: 3/3
   319 | D:1      | Reached skill level 5 in Shapeshifting
   419 | D:1      | Reached XP level 3. HP: 17/17 MP: 4/4
  1046 | D:2      | Noticed Jessica
  1057 | D:2      | Killed Jessica
  1058 | D:2      | Reached skill level 6 in Shapeshifting
  1058 | D:2      | Reached XP level 4. HP: 13/21 MP: 5/5
  1356 | D:2      | Reached XP level 5. HP: 25/25 MP: 6/6
  1807 | D:3      | Identified the +1 leather armour of the Orb Guardian
                  | {Will++}
  1948 | D:3      | Reached skill level 7 in Shapeshifting
  2094 | D:3      | Found a faded altar of an unknown god.
  2120 | D:3      | Prayed at the altar of an unknown god.
  2120 | D:3      | Became a worshipper of Ignis, the Dying Flame
  2722 | D:3      | Found a glowing silver altar of Zin.
  2722 | D:3      | Noticed an angel
  3059 | D:4      | Reached XP level 6. HP: 3/29 MP: 7/7
  3278 | D:4      | Reached skill level 8 in Shapeshifting
  3328 | D:4      | Noticed Pikel
  3404 | D:4      | Killed Pikel
  3405 | D:4      | Reached skill level 10 in Shapeshifting
  3405 | D:4      | Reached XP level 7. HP: 9/32 MP: 8/8
  3553 | D:4      | Noticed Edmund
  3601 | D:4      | Killed Edmund
  3683 | D:4      | Noticed Ijyb
  3689 | D:4      | Killed Ijyb
  3860 | D:4      | Reached XP level 8. HP: 28/37 MP: 9/9
  4178 | D:4      | Reached skill level 11 in Shapeshifting
  4247 | D:5      | Entered Level 5 of the Dungeon
  4308 | D:5      | Found a white marble altar of Elyvilon.
  5404 | D:6      | Found an iron altar of Okawaru.
  5605 | D:6      | Reached skill level 12 in Shapeshifting
  5873 | D:6      | Found a staircase to the Ecumenical Temple.
  5988 | D:6      | Noticed Menkaure
  5995 | D:6      | Killed Menkaure
  5996 | D:6      | Reached skill level 13 in Shapeshifting
  6021 | D:6      | Reached skill level 1 in Fighting
  6021 | D:6      | Reached skill level 1 in Stealth
  6274 | D:6      | Noticed Sigmund
  6280 | D:6      | Killed Sigmund
  6281 | D:6      | Reached XP level 9. HP: 38/41 MP: 10/10
  6646 | D:6      | Found an ancient bone altar of Kikubaaqudgha.
  7177 | D:7      | Noticed a troll
  7190 | D:7      | Killed a troll
  7367 | D:7      | Noticed Jeremiah
  7417 | D:7      | Reached skill level 5 in Dodging
  7423 | D:7      | Reached skill level 5 in Stealth
  7666 | D:7      | Found a blossoming altar of Fedhas.
  8200 | D:7      | Found Biarats's Jewellery Emporium.
  8208 | D:7      | Bought a ring of protection from cold for 275 gold pieces
  8351 | D:8      | Found an ornate altar of the Wu Jian Council.
  8351 | D:8      | Found a shadowy altar of Dithmenos.
  8352 | D:8      | Found an opulent altar of Gozag.
  8353 | D:8      | Found a broken altar of Ashenzari.
  8365 | D:8      | Noticed Grum
  8640 | D:9      | Noticed a troll
  8649 | D:9      | Killed a troll
  8651 | D:9      | Noticed a kobold demonologist
  8663 | D:9      | Noticed a rust devil
  8663 | D:9      | Killed a kobold demonologist
  8664 | D:9      | Reached XP level 10. HP: 49/49 MP: 11/11
  8888 | D:9      | Reached skill level 5 in Unarmed Combat
  8940 | D:9      | Found a transporter.
  8942 | D:10     | Entered Level 10 of the Dungeon
  9077 | D:10     | Found a transporter.
  9083 | D:10     | Noticed Sonja
  9098 | D:10     | HP: 3/73 [poisoned by Sonja]
  9100 | D:10     | HP: 1/73 [poisoned by Sonja]
  9102 | D:10     | Succumbed to Sonja's poison

Illustrated notes

Levels and vault maps discovered:
D:1:      shiori_arrival_maze, layout_basic, minmay_pentomino_q2
D:2:      layout_loops_ring, minmay_diced_spiral, uniq_jessica
D:3:      layout_basic, zin_angel, basic_ecumenical_altar
D:4:      layout_basic, minmay_misc_feat_rugged, uniq_ijyb, uniq_pikel,
          uniq_edmund
D:5:      layout_cave_pods, amcnicky_altar_gilded, kennysheep_generic_room_12
D:6:      layout_loops_ring, lemuel_mausoleum_altar_kikubaaqudgha,
          okawaru_altar_gauntlet_db, minmay_temple_entry_fiery, uniq_menkaure,
          uniq_sigmund
D:7:      layout_basic, lemuel_crystal_altar, serial_shops, shop, uniq_jeremiah
D:8:      layout_basic, nicolae_qazlal_eye_of_the_storm,
          chequers_temple_overflow_statue_of_worship, uniq_grum
D:9:      layout_layer_cave, gammafunk_ghost_wrathful_warriors
D:10:     layout_long_grid, nicolae_overflow_hidden_temple, serial_shops, shop,
          enter_bailey_3, gammafunk_ghost_stat_death, uniq_sonja, uniq_harold

Skill      XL: |  1  2  3  4  5  6  7  8  9 10 |
---------------+-------------------------------+-----
Shapeshifting  | 5 6 7 10 13 | 13.0
Fighting       | 1 3 |  3.9
Stealth        | 2 6 7 |  7.2
Dodging        | 3 6 |  6.7
Unarmed Combat | 4 5 |  5.0

Action                     |  1- 3 |  4- 6 |  7- 9 | 10-12 || total
---------------------------+-------+-------+-------+-------++-------
  Melee: Unarmed           |    21 |    15 |   389 |    32 ||   457
         Punch             |     3 |     2 |       |       ||     5
         Dagger            |    66 |   125 |       |       ||   191
  Throw: Boomerang         |       |    11 |       |       ||    11
         Stone             |       |     1 |       |       ||     1
 Invoke: Fiery Armour      |       |     2 |     6 |     2 ||    10
  Evoke: Wand              |       |     6 |    14 |       ||    20
    Use: Scroll            |     8 |     3 |     4 |       ||    15
         Potion            |       |     1 |     6 |     4 ||    11
   Stab: Sleeping          |     2 |     3 |       |       ||     5
         Invisible         |       |       |     2 |       ||     2
 Armour: Animal skin       |    11 |    19 |    29 |       ||    59
         Skin              |       |       |    27 |       ||    27
         Robe              |       |       |    15 |    14 ||    29
  Dodge: Dodged            |    62 |   113 |   261 |    50 ||   486
   Form: Flux              |       |     1 |       |       ||     1

Table legend: (Time is in decaauts)
 A = Elapsed time spent in this place.
 B = Non-inter-level travel time spent in this place.
 C = Inter-level travel time spent in this place.
 D = Time resting spent in this place.
 E = Time spent auto-exploring this place.
 F = Levels seen in this place.
 G = Mean time per level.
                   A        B        C        D        E       F      G
               +--------+--------+--------+--------+--------+-----+--------+
         Total |   6846 |   6674 |    172 |    878 |   4394 |  10 |  684.6 |
       Dungeon |   6846 |   6674 |    172 |    878 |   4394 |  10 |  684.6 |
               +--------+--------+--------+--------+--------+-----+--------+

Top non-repeatable levels by time:
     D:6: 1449 daAuts
     D:4: 980 daAuts
     D:7: 874 daAuts
     D:3: 863 daAuts
     D:5: 817 daAuts
     D:2: 646 daAuts
     D:1: 569 daAuts
     D:9: 489 daAuts
    D:10: 142 daAuts
     D:8: 13 daAuts
